Map: Odyssey LE

Players

Serral

  • Race: Zerg Zerg
  • Spawn Location: 5:00

Elazer - Winner!

  • Race: Zerg Zerg
  • Spawn Location: 11:00

Event: WCS Montreal 2017

VOD

Have the link to the VOD?

Description

Time

  • Played on: Sept. 9, 2017, 6:55 p.m.
  • Length: 6:58

All games in this series

Show
View Real Time Build Order
Export as new Build Order

Serral Zerg 

Build Orders: Pool First, Zergling Baneling 

Get SALT Encoding   

  12  0:00  Drone  
  13  0:13  Overlord  
  13  0:17  Drone  
  14  0:31  Drone x2  
  14  0:35  Drone  
  17  0:45  Extractor, Drone  
  17  0:49  Spawning Pool  
  16  0:56  Drone  
  17  1:07  Drone  
  18  1:18  Hatchery  
  17  1:21  Drone  
  18  1:28  Drone  
  19  1:36  Queen  
  22  1:40  Zergling x2  
  22  1:45  Metabolic Boost  
  22  1:53  Overlord  
  22  2:04  Baneling Nest  
  22  2:05  Drone  
  22  2:13  Zergling x2  
  23  2:15  Queen  
  23  2:22  Drone  
  26  2:30  Drone  
  26  2:34  Zergling x2  
  28  2:42  Zergling x2  
  30  2:44  Zergling x6  
  32  2:52  Overlord  
  32  2:53  Baneling x2  
  32  2:55  Zergling x2  
  33  3:03  Zergling x2  
  34  3:10  Hatchery  
  33  3:18  Overlord, Zergling x2  
  35  3:20  Zergling x2  
  35  3:24  Drone  
  35  3:26  Drone  
  37  3:27  Baneling  
  37  3:28  Baneling  
  37  3:31  Drone  
  38  3:34  Drone  
  38  3:47  Drone x2  
  37  3:51  Zergling x8  
  37  3:53  Baneling  
  37  3:54  Baneling  
  40  3:55  Drone  
  40  3:59  Drone  
  40  4:00  Drone  
  42  4:03  Drone  
  42  4:05  Drone  
  44  4:11  Overlord  
  44  4:12  Drone  
  45  4:20  Drone  
  45  4:21  Evolution Chamber  
  45  4:22  Drone  
  45  4:24  Drone x2  
  45  4:28  Queen  
  49  4:32  Drone  
  49  4:34  Zergling x2  
  49  4:36  Drone  
  52  4:42  Baneling x2  
  52  4:43  Overlord  
  52  4:44  Drone x2  
  52  4:45  Drone  
  55  4:47  Drone  
  55  4:50  Zerg Missile Weapons Level 1  
  56  4:54  Baneling x2  
  56  4:55  Zergling x4  
  57  5:04  Drone x2  
  59  5:07  Overlord  
  59  5:14  Drone x3  
  60  5:16  Extractor, Drone x3  
  60  5:17  Extractor  
  60  5:21  Overlord  
  62  5:24  Overlord  
  62  5:26  Drone x3  
  64  5:29  Baneling x2  
  64  5:33  Drone x3  
  67  5:40  Extractor  
  67  5:41  Zergling x4  
  68  5:43  Lair  
  68  5:54  Overlord  
  67  5:58  Roach Warren  
  67  5:59  Zergling x12  
  67  6:02  Hatchery  
  69  6:09  Spine Crawler, Zergling x6  
  69  6:11  Spine Crawler  
  67  6:13  Spine Crawler  
  67  6:15  Zergling x4  
  67  6:24  Spine Crawler x2  
  65  6:29  Baneling x4  
Show
View Real Time Build Order
Export as new Build Order

Elazer Zerg - Winner!

Build Orders: Hatch First 

Get SALT Encoding   

  12  0:00  Drone  
  13  0:12  Overlord  
  13  0:16  Drone  
  14  0:31  Drone x2  
  14  0:34  Drone  
  17  0:51  Hatchery  
  17  0:54  Drone  
  17  0:58  Drone  
  17  1:03  Extractor  
  17  1:13  Spawning Pool  
  17  1:15  Drone  
  17  1:19  Drone  
  18  1:27  Drone  
  19  1:38  Overlord  
  19  1:59  Queen  
  19  2:00  Zergling x4  
  23  2:02  Metabolic Boost  
  23  2:03  Queen  
  23  2:06  Zergling x2  
  26  2:11  Drone  
  26  2:14  Drone  
  28  2:21  Drone  
  29  2:24  Drone  
  30  2:31  Drone  
  31  2:39  Hatchery  
  30  2:45  Queen  
  30  2:50  Overlord  
  32  2:53  Drone  
  32  2:55  Drone  
  32  2:58  Drone  
  35  3:00  Drone  
  36  3:08  Zergling x2  
  36  3:09  Zergling x6  
  39  3:18  Zergling x2  
  39  3:20  Queen  
  39  3:24  Zergling x4  
  43  3:33  Overlord  
  44  3:34  Zergling x2  
  44  3:39  Zergling x2  
  43  3:46  Queen  
  43  3:48  Overlord  
  42  3:50  Drone x3  
  42  3:51  Drone x2  
  42  3:53  Drone x2  
  48  3:55  Drone  
  48  3:57  Drone  
  48  3:59  Drone  
  50  4:03  Drone  
  50  4:06  Drone  
  50  4:07  Evolution Chamber  
  51  4:14  Drone  
  51  4:15  Drone  
  51  4:16  Drone x2  
  53  4:20  Zergling x2  
  53  4:24  Extractor  
  51  4:30  Zergling x2  
  51  4:31  Zergling x10  
  57  4:32  Queen  
  57  4:34  Zerg Missile Weapons Level 1  
  57  4:37  Overlord  
  58  4:43  Roach Warren  
  57  4:47  Extractor  
  57  4:48  Overlord  
  56  4:53  Overlord  
  52  5:00  Overlord  
  52  5:02  Overlord x2  
  49  5:23  Roach x7  
  59  5:29  Roach x2  
  59  5:34  Roach x2  
  67  5:37  Roach  
  67  5:40  Roach  
  67  5:42  Roach  
  73  5:46  Zergling x4  
  75  5:51  Zergling x4  
  75  5:55  Zergling x2  
  75  5:56  Zergling x4  
  78  5:59  Zergling x4  
  80  6:07  Zergling x6  
  81  6:11  Zergling x4  
  81  6:15  Zergling x4  
  81  6:17  Ravager  
  86  6:18  Ravager  
  86  6:21  Ravager x2  
  88  6:27  Ravager  
  88  6:28  Zergling x6  
  92  6:37  Zergling x6  
Tags
 
Add a new tag
Caveats
  • Supply blocks, unpowered buildings, or Contaminate may cause inaccurate times.
  • Supply counts are checked every 10 seconds.